Map: Proxima Station LE

Players

GuMiho

  • Race: Terran Terran
  • Spawn Location: 1:00

ShoWTimE - Winner!

  • Race: Protoss Protoss
  • Spawn Location: 7:00

Event: IEM XI Katowice - World Championship 2017

VOD

Have the link to the VOD?

Description

Time

  • Played on: March 3, 2017, 1:22 p.m.
  • Length: 12:22

All games in this series

Show
View Real Time Build Order
Export as new Build Order

GuMiho Terran 

Build Orders: 1/1/1, MMM Bio, Banshee Rush 

Get SALT Encoding   

  12  0:00  SCV  
  13  0:12  SCV  
  14  0:17  Supply Depot  
  14  0:24  SCV  
  15  0:28  Refinery  
  15  0:39  SCV  
  16  0:45  Barracks  
  16  0:51  SCV  
  17  1:03  SCV  
  18  1:15  SCV  
  19  1:31  Marine, Orbital Command  
  20  1:32  Factory  
  20  1:43  Supply Depot  
  20  1:50  Barracks Tech Lab  
  20  1:51  Refinery  
  20  1:57  SCV  
  21  2:09  SCV  
  22  2:17  Starport  
  22  2:21  SCV  
  23  2:28  Command Center  
  23  2:33  SCV  
  24  2:40  Supply Depot  
  24  2:45  SCV  
  25  2:53  Banshee  
  25  2:54  Cloaking Field  
  25  2:57  Widow Mine  
  30  3:03  Marine  
  31  3:06  SCV  
  31  3:13  Supply Depot  
  31  3:21  Marine  
  31  3:27  SCV  
  31  3:32  Cyclone  
  31  3:39  SCV  
  31  3:40  Viking  
  34  3:55  Supply Depot, Barracks Reactor  
  34  4:17  SCV  
  34  4:22  Banshee  
  38  4:29  SCV  
  37  4:31  Orbital Command  
  37  4:34  Marine x2  
  37  4:35  Factory Tech Lab  
  37  4:37  Barracks  
  38  4:41  SCV  
  39  4:51  Marine  
  39  4:52  Marine  
  41  4:53  SCV  
  41  4:58  Siege Tank  
  41  4:59  SCV  
  46  5:05  Supply Depot, SCV  
  47  5:09  Marine x2  
  48  5:21  SCV x2  
  49  5:27  Marine x2  
  51  5:30  Siege Tank  
  54  5:36  Stimpack  
  54  5:37  Refinery  
  54  5:45  Supply Depot  
  54  5:49  Supply Depot  
  54  5:51  Starport Reactor  
  54  6:00  Marine x3  
  54  6:01  SCV x2  
  59  6:07  Siege Tank  
  62  6:11  Supply Depot  
  62  6:13  SCV x2  
  64  6:18  Marine x3  
  64  6:25  SCV  
  68  6:26  Supply Depot  
  68  6:28  Medivac  
  68  6:31  Medivac  
  68  6:32  SCV  
  73  6:35  Engineering Bay  
  73  6:37  Marine, SCV  
  73  6:39  Marine  
  76  6:40  Marine  
  76  6:44  SCV  
  78  6:48  Siege Tank  
  78  6:53  Supply Depot  
  82  6:54  SCV  
  82  6:56  SCV  
  82  6:58  Marine x2  
  82  7:01  Marine  
  84  7:10  Medivac  
  84  7:11  Medivac  
  85  7:18  SCV x2  
  85  7:21  Supply Depot  
  87  7:23  Terran Infantry Weapons Level 1  
  87  7:24  Marine x3  
  90  7:30  Barracks  
  90  7:31  Supply Depot  
  90  7:36  SCV x2  
  92  7:41  Combat Shields  
  92  7:42  Marine x2  
  94  7:52  Marine  
  94  7:56  SCV x2  
  97  7:59  Marine  
  97  8:01  Medivac x2  
  96  8:07  Marine  
  96  8:08  SCV x2  
  96  8:10  Marine  
  98  8:19  Barracks Tech Lab  
  98  8:20  SCV x2  
  100  8:27  Siege Tank  
  100  8:28  Marine x2, Marauder, Barracks  
  100  8:29  Barracks  
  100  8:32  Command Center  
  107  8:38  Supply Depot  
  107  8:40  Refinery  
  107  8:41  Viking  
  109  8:44  Marine  
  109  8:45  Marine  
  111  8:49  Viking  
  111  8:54  Marauder  
  115  9:02  Marauder  
  116  9:04  SCV x2  
  116  9:06  Marine x2  
  116  9:07  Concussive Shells  
  120  9:16  Marauder  
  122  9:17  Marine x2  
  126  9:27  Terran Infantry Armor Level 1  
  126  9:37  Barracks Tech Lab, Barracks Reactor  
  126  9:38  SCV x2  
  126  9:44  Supply Depot x2, Viking x2, Marauder  
  132  9:46  Siege Tank  
  132  9:52  SCV x2  
  137  9:54  Orbital Command  
  137  9:59  Marauder  
  139  10:00  Marauder  
  139  10:04  Marine  
  139  10:05  Marine  
  141  10:09  Supply Depot  
  141  10:11  Supply Depot  
  141  10:12  SCV  
  142  10:18  Viking  
  142  10:19  Viking  
  146  10:27  Marine x2, Marauder x2  
  151  10:38  Marine x2, Marauder  
  151  10:39  SCV  
  151  10:41  Liberator  
  148  10:43  Liberator, Refinery  
  148  10:44  Marine  
  148  10:47  Refinery  
  148  10:48  Marauder  
  150  10:51  SCV x2  
  150  10:52  Armory, SCV, Engineering Bay  
  153  10:58  Factory Reactor  
  153  11:02  Marauder  
  153  11:03  SCV  
  162  11:08  Marauder  
  162  11:09  Marauder  
  165  11:21  Marine x4  
  165  11:23  Marauder  
  171  11:29  Marauder  
  167  11:32  Marauder  
  167  11:39  Marine x2  
  121  11:45  Widow Mine x2, Marauder  
  108  11:47  Marine x2  
  108  11:51  Marauder  
  108  11:54  Marauder  
  110  12:03  Marine x2  
  110  12:07  SCV  
  110  12:08  SCV  
Show
View Real Time Build Order
Export as new Build Order

ShoWTimE Protoss - Winner!

Build Orders: Oracle Opening, Phoenix Opening 

Get SALT Encoding   

  12  0:00  Probe (Chrono Boost)  
  13  0:11  Probe (Chrono Boost)  
  14  0:17  Pylon  
  14  0:22  Probe (Chrono Boost)  
  15  0:35  Probe (Chrono Boost)  
  16  0:38  Gateway  
  16  0:44  Assimilator  
  16  0:46  Probe (Chrono Boost)  
  17  0:52  Assimilator  
  18  0:57  Probe (Chrono Boost)  
  18  1:07  Probe (Chrono Boost)  
  19  1:18  Probe (Chrono Boost)  
  20  1:25  Cybernetics Core  
  20  1:28  Probe (Chrono Boost)  
  21  1:33  Pylon  
  21  1:39  Probe (Chrono Boost)  
  22  1:49  Probe (Chrono Boost)  
  25  2:01  Mothership Core (Chrono Boost)  
  25  2:02  Stargate  
  25  2:11  Warp Gate  
  25  2:25  Nexus  
  25  2:28  Probe (Chrono Boost)  
  26  2:40  Probe (Chrono Boost)  
  26  2:41  Oracle  
  27  2:49  Pylon  
  30  2:53  Probe (Chrono Boost)  
  31  2:59  Pylon  
  31  3:09  Probe (Chrono Boost)  
  32  3:19  Robotics Facility  
  33  3:21  Probe (Chrono Boost)  
  33  3:25  Phoenix  
  33  3:33  Probe (Chrono Boost)  
  36  3:44  Gateway, Probe (Chrono Boost)  
  36  3:45  Probe (Chrono Boost)  
  38  3:53  Phoenix  
  38  3:54  Probe (Chrono Boost)  
  41  4:01  Probe (Chrono Boost)  
  42  4:03  Observer  
  42  4:05  Probe (Chrono Boost)  
  44  4:11  Pylon  
  44  4:13  Probe (Chrono Boost)  
  44  4:15  Probe (Chrono Boost)  
  45  4:25  Probe (Chrono Boost)  
  45  4:26  Probe (Chrono Boost)  
  45  4:28  Observer  
  43  4:34  Assimilator  
  43  4:36  Assimilator, Probe (Chrono Boost)  
  43  4:37  Probe (Chrono Boost)  
  43  4:38  Twilight Council  
  45  4:42  Pylon  
  45  4:47  Probe (Chrono Boost)  
  45  4:49  Probe (Chrono Boost)  
  47  4:57  Gateway  
  47  4:58  Probe (Chrono Boost)  
  48  5:05  Pylon, Observer  
  50  5:07  Probe (Chrono Boost)  
  50  5:08  Probe (Chrono Boost)  
  50  5:09  Blink  
  51  5:19  Probe x2 (Chrono Boost)  
  53  5:28  Stalker x2  
  55  5:30  Probe (Chrono Boost)  
  55  5:31  Probe (Chrono Boost)  
  59  5:40  Probe (Chrono Boost)  
  60  5:43  Probe (Chrono Boost)  
  60  5:44  Pylon  
  60  5:47  Observer  
  61  5:51  Probe (Chrono Boost)  
  61  5:52  Stalker x2  
  61  5:56  Probe (Chrono Boost)  
  67  5:58  Stalker  
  67  6:03  Stalker  
  67  6:04  Pylon  
  69  6:05  Probe (Chrono Boost)  
  70  6:13  Robotics Bay  
  70  6:14  Pylon  
  70  6:24  Stalker x2  
  74  6:28  Stalker  
  74  6:31  Immortal  
  80  6:41  Pylon  
  80  6:49  Stalker x2  
  80  6:51  Pylon  
  80  6:53  Stalker  
  86  7:06  Colossus  
  86  7:07  Nexus  
  88  7:19  Sentry x2  
  88  7:20  Adept  
  94  7:27  Pylon, Probe x2 (Chrono Boost)  
  94  7:29  Charge  
  96  7:32  Extended Thermal Lance  
  96  7:36  Pylon  
  96  7:41  Probe x2 (Chrono Boost)  
  92  7:53  Probe x2 (Chrono Boost)  
  92  7:55  Zealot x2  
  94  8:05  Probe x2 (Chrono Boost)  
  93  8:06  Zealot  
  93  8:09  Colossus  
  95  8:17  Probe (Chrono Boost)  
  102  8:21  Zealot  
  102  8:23  Zealot  
  106  8:30  Probe (Chrono Boost)  
  106  8:31  Probe x2 (Chrono Boost)  
  109  8:38  Zealot  
  111  8:44  Gateway x2  
  111  8:50  Zealot x2  
  111  8:54  Gateway  
  115  8:56  Colossus  
  115  8:59  Zealot  
  117  9:07  Pylon  
  123  9:12  Templar Archives  
  122  9:17  Zealot x2  
  126  9:28  Gateway  
  126  9:29  Pylon  
  126  9:30  Zealot  
  128  9:35  Probe (Chrono Boost)  
  128  9:36  Probe x2 (Chrono Boost)  
  128  9:37  Forge  
  131  9:44  Pylon  
  131  9:45  Probe (Chrono Boost), Gateway  
  132  9:48  Probe (Chrono Boost)  
  132  9:50  High Templar x2  
  132  9:51  High Templar x2, Psionic Storm  
  141  9:57  Probe (Chrono Boost)  
  141  9:58  Probe (Chrono Boost)  
  143  10:00  Assimilator  
  143  10:04  Assimilator  
  143  10:06  Probe (Chrono Boost)  
  144  10:07  Probe (Chrono Boost)  
  144  10:08  Protoss Ground Armor Level 1  
  144  10:09  Forge  
  145  10:21  Colossus  
  145  10:22  Pylon  
  151  10:29  Pylon  
  149  10:39  High Templar  
  149  10:46  Probe (Chrono Boost)  
  149  10:47  Zealot x5, Probe (Chrono Boost)  
  161  11:00  Stalker x2  
  161  11:02  Pylon  
  164  11:13  Stalker x2  
  164  11:14  Stalker  
  164  11:17  Stalker x2  
  168  11:23  Zealot x2  
  172  11:31  Pylon  
  166  11:38  Archon  
  166  11:39  Archon  
  136  11:43  Stalker  
  136  11:44  Stalker x4  
  140  11:56  Nexus  
  140  12:04  High Templar x3  

Tags
 
Add a new tag
Caveats
  • Supply blocks, unpowered buildings, or Contaminate may cause inaccurate times.
  • Supply counts are checked every 10 seconds.